 Dungeon Crawl Stone Soup version 0.21.0-25-ge575cb9 (webtiles) character file.

17075 Mefis the Thaumaturge (level 12, -9/59 HPs)
             Began as a Deep Elf Wizard on Jan 23, 2018.
             Was an Elder of Sif Muna.
             Killed from afar by a rime drake (16 damage)
             ... with a flash freeze
             ... on level 2 of the Lair of Beasts.
             The game lasted 01:03:13 (21039 turns).

Mefis the Thaumaturge (Deep Elf Wizard)            Turns: 21039, Time: 01:03:14

Health: -9/59      AC:  6    Str:  4    XL:     12   Next: 15%
Magic:  6/28       EV: 23    Int: 29    God:    Sif Muna [****..]
Gold:   511        SH:  5    Dex: 13    Spells: 2/31 levels left

rFire    . . .     SeeInvis .   W - +0 blowgun
rCold    + + .     Gourm    .   u - +0 buckler
rNeg     . . .     Faith    .   a - +0 robe
rPois    +         Spirit   .   b - +0 hat
rElec    +         Reflect  .   D - +2 cloak
rCorr    +         Harm     .   (no gloves)
MR       +....                  i - +0 pair of boots
Stlth    ++++......             (no amulet)
HPRegen  0.19/turn              H - ring of ice
MPRegen  0.21/turn              J - +6 ring of evasion

@: resistant, flying, very slightly contaminated
A: no striking features
a: Divine Energy, Channel Magic, Forget Spell, Renounce Religion


You were on level 2 of the Lair of Beasts.
You worshipped Sif Muna.
Sif Muna was greatly pleased with you.
You were near starving.

You visited 3 branches of the dungeon, and saw 14 of its levels.
You also visited: Ossuary.

You collected 586 gold pieces.
You spent 75 gold pieces at shops.

Inventory:

Hand Weapons
 W - a +0 blowgun (weapon)
 X - a +2 short sword of electrocution
Missiles
 k - 2 needles of sleeping
 l - 33 poisoned needles (quivered)
Armour
 a - a +0 robe (worn)
 b - a +0 hat (worn)
 i - a +0 pair of boots (worn)
 u - a +0 buckler (worn)
 D - a +2 cloak (worn)
Jewellery
 g - an uncursed ring of protection from fire
 p - an uncursed ring of flight
 H - a ring of ice (left hand)
 J - a +6 ring of evasion (right hand)
 O - an uncursed ring of magical power
Wands
 e - a wand of clouds (3)
 h - a wand of disintegration (16)
 I - a wand of iceblast (7)
 K - a wand of paralysis (27)
Scrolls
 m - 7 scrolls of teleportation
 o - 3 scrolls of fog
 r - 2 scrolls of amnesia
 y - 8 scrolls of remove curse
 U - a scroll of magic mapping
Potions
 j - 6 potions of agility
 n - 5 potions of curing
 v - a potion of invisibility
 x - 4 potions of magic
 z - a potion of resistance
 E - 2 potions of haste
 M - 2 potions of flight
Books
 c - a book of Minor Magic

   Spells                             Type                      Level
   a - Magic Dart                     Conjuration                  1
   b - Blink                          Translocation                2
   c - Call Imp                       Summoning                    2
   d - Slow                           Hexes                        2
   e - Conjure Flame                  Conjuration/Fire             3
   f - Mephitic Cloud                 Conjuration/Poison/Air       3
 w - Sif Muna's Incunabulum of Cloudy Conjuration
   (Sif Muna gifted it to you on level 1 of the Lair of Beasts)

   Spells                             Type                      Level
   a - Shock                          Conjuration/Air              1
   b - Sting                          Conjuration/Poison           1
   c - Searing Ray                    Conjuration                  2
   d - Stone Arrow                    Conjuration/Earth            3
   e - Force Lance                    Conjuration/Translocation    4
   f - Lightning Bolt                 Conjuration/Air              5
 C - a book of Changes

   Spells                             Type                      Level
   a - Beastly Appendage              Transmutation                1
   b - Sticks to Snakes               Transmutation                2
   c - Spider Form                    Transmutation/Poison         3
   d - Ice Form                       Ice/Transmutation            4
   e - Blade Hands                    Transmutation                5
 F - a book of Maledictions

   Spells                             Type                      Level
   a - Corona                         Hexes                        1
   b - Ensorcelled Hibernation        Hexes/Ice                    2
   c - Confuse                        Hexes                        3
   d - Tukima's Dance                 Hexes                        3
   e - Dazzling Spray                 Conjuration/Hexes            3
 L - the Reference Book on Boosts and Feathers
   (You found it on level 7 of the Dungeon)

   Spells                             Type                      Level
   a - Shroud of Golubria             Charms/Translocation         2
   b - Spectral Weapon                Hexes/Charms                 3
   c - Deflect Missiles               Charms/Air                   6
   d - Conjure Ball Lightning         Conjuration/Air              6
 Y - a book of Spatial Translocations

   Spells                             Type                      Level
   a - Blink                          Translocation                2
   b - Shroud of Golubria             Charms/Translocation         2
   c - Lesser Beckoning               Translocation                3
   d - Gell's Gravitas                Translocation                3
   e - Teleport Other                 Translocation                3
   f - Passage of Golubria            Translocation                4
Comestibles
 d - 16 rations


   Skills:
 - Level 8.2 Dodging
 - Level 9.0 Stealth
 - Level 4.2 Shields
 + Level 10.2 Spellcasting
 + Level 7.5 Conjurations
 - Level 7.3 Hexes
 - Level 4.8 Charms
 - Level 3.0 Summonings
 + Level 3.3 Translocations
 + Level 6.4 Ice Magic
 + Level 6.5 Air Magic
 + Level 1.7 Earth Magic
 - Level 2.3 Poison Magic
 + Level 6.9 Invocations
 + Level 1.5 Evocations


You had 2 spell levels left.
You knew the following spells:

 Your Spells              Type           Power        Failure   Level  Hunger
a - Sting                 Conj/Pois      ####         1%          1    None
b - Call Imp              Summ           ####....     1%          2    None
c - Blink                 Tloc           N/A          1%          2    None
d - Lightning Bolt        Conj/Air       ######....   5%          5    ###....
e - Mephitic Cloud        Conj/Pois/Air  #####...     1%          3    None
f - Conjure Flame         Conj/Fire      #####...     2%          3    None
g - Ensorcelled Hibernat  Hex/Ice        ######       1%          2    None
h - Slow                  Hex            ######..     1%          2    None
j - Magic Dart            Conj           ####         1%          1    None
p - Shroud of Golubria    Chrm/Tloc      #####.....   1%          2    None
q - Dazzling Spray        Conj/Hex       ######       1%          3    None
s - Stone Arrow           Conj/Erth      #####.       1%          3    None


Dungeon Overview and Level Annotations

Branches:
Dungeon (11/15)            Temple (1/1) D:4            Lair (2/6) D:9
  Swamp: Lair:2-4    Shoals: Lair:2-4     Snake: Lair:2-4    Spider: Lair:2-4
    Orc: D:9-12

Altars:
Ashenzari
Cheibriados
Dithmenos
Elyvilon
Fedhas
Gozag
Hepliaklqana
Kikubaaqudgha
Makhleb
Nemelex Xobeh
Okawaru
Qazlal
Ru
Sif Muna
Trog
Uskayaw
Vehumet
Wu Jian
Xom
Yredelemnul
Zin
The Shining One

Shops:
D:6 *   D:10 :

Portals:
Ice
Cave: Lair:2


Message History

The porcupine is engulfed in noxious fumes.
The porcupine appears confused.
The porcupine falls into the water!
The porcupine drowns.
Sif Muna accepts your kill.
You feel very buoyant.
You fly up into the air.
The rime drake is engulfed in noxious fumes.
The rime drake seems less confused.
You block the rime drake's attack. The rime drake misses you.
Casting: Mephitic Cloud
Confirm with . or Enter, or press ? or * to list all spells.
Aiming: Mephitic Cloud
Press: ? - help, Shift-Dir - straight line The ball explodes into a vile cloud!
The stinking cloud engulfs the rime drake.
The rime drake is lightly wounded.
The rime drake is engulfed in noxious fumes.
The rime drake breathes ice at you. The flash freeze hits you!
You partially resist.
You die...

(...#* *,*,#+.#***
.P.#.* ****#..# ####**
#.## #.## ###
#######..### ##.#
#.##P!#+.§P##*#
...#####..§....§§.$#.#
...##.#P..≈§≈≈≈.....#*
..........k#####@(.##
$...#.....k#∩..§§k.#
...###.P..≈#...§§≈.#
.##.####..≈#...§#§.#
##*## #....#..≈#≈..#
.* ##......#≈...# #*
###...≈.+≈..# #**
##P......##
*,********######.##


You could see a rime drake.

Vanquished Creatures
  2 hydras (Lair:1)
  4 two-headed ogres
  The ghost of Agrougrou the Insei, a novice OpTm of Makhleb (D:8)
  A manticore (D:8)
  2 cyclopes
  3 spiny frogs (Lair:1)
  2 trolls (D:10)
  2 hippogriffs
  2 wyverns
  17 yaks
  2 basilisks (D:9)
  Duvessa (D:7)
  4 water moccasins
  5 porcupines
  2 orc warriors
  2 black bears (D:9)
  3 ice beasts
  7 ogres
  2 phantoms
  2 wolves (D:9)
  2 necrophages (D:7)
  2 centaurs
  4 crocodiles
  3 big kobolds
  6 bullfrogs
  A wyvern zombie (D:10)
  Dowan (D:7)
  2 scorpions
  A water moccasin skeleton (D:4)
  8 killer bees
  2 howler monkeys (D:5)
  3 crimson imps
  2 centaur zombies
  8 hounds
  2 jellies
  4 orc priests
  2 centaur skeletons
  4 iguanas
  7 orc wizards
  9 worker ants
  4 big kobold zombies (Ossuary)
  A hound zombie (D:8)
  4 hound skeletons
  A mummy (Ossuary)
  2 worker ant zombies
  2 howler monkey skeletons (D:6)
  11 river rats (D:10)
  10 adders
  3 shadow imps
  An ooze (D:3)
  2 adder skeletons
  5 worms
  3 dart slugs
  7 leopard geckos
  29 orcs
  5 spectral bats (Ossuary)
  6 bats
  A giant cockroach (D:8)
  9 goblins (D:1)
  4 hobgoblins
  12 jackals
  7 quokkas
  A ball python (D:4)
  3 bat simulacra (Ossuary)
  6 frilled lizards
  8 gnoll zombies (Ossuary)
  2 goblin simulacra (Ossuary)
  3 goblin zombies (Ossuary)
  6 hobgoblin zombies (Ossuary)
  A jackal zombie (D:6)
  23 kobolds
  3 kobold simulacra (Ossuary)
  6 kobold zombies (Ossuary)
  3 orc zombies (Ossuary)
  20 rats
  5 rat simulacra (Ossuary)
  2 spectral goblins (Ossuary)
  A spectral kobold (Ossuary)
  5 spectral rats (Ossuary)
366 creatures vanquished.

Vanquished Creatures (collateral kills)
  A two-headed ogre (D:10)
  The ghost of Shrek the Ruffian, a novice OgWn of Cheibriados (D:4)
  A hornet (D:10)
  A soldier ant (D:10)
  An orc warrior (D:10)
  2 adders (D:2)
  A worm (D:2)
  An orc (D:2)
  A hobgoblin (D:1)
  A jackal (D:1)
  A quokka (D:3)
  A frilled lizard (D:2)
  A kobold (D:7)
14 creatures vanquished.

Vanquished Creatures (others)
  A bat simulacrum (Ossuary)
  A goblin simulacrum (Ossuary)
  2 fungi
  2 plants
6 creatures vanquished.

Grand Total: 386 creatures vanquished

Notes
Turn   | Place    | Note
-------+----------+-------------------------------------------
     0 | D:1      | Mefis the Deep Elf Wizard began the quest for the Orb.
     0 | D:1      | Reached XP level 1. HP: 10/10 MP: 7/7
   131 | D:1      | Reached skill level 5 in Spellcasting
   213 | D:1      | Reached XP level 2. HP: 15/15 MP: 8/10
   217 | D:1      | Learned a level 2 spell: Call Imp
   220 | D:1      | Learned a level 2 spell: Blink
   223 | D:1      | Learned a level 2 spell: Slow
   918 | D:1      | Reached XP level 3. HP: 19/19 MP: 5/11
   926 | D:1      | Learned a level 3 spell: Mephitic Cloud
  1501 | D:2      | Reached skill level 1 in Hexes
  1816 | D:2      | Found a radiant altar of Vehumet.
  1837 | D:2      | Reached XP level 4. HP: 24/24 MP: 10/13
  1864 | D:2      | Learned a level 3 spell: Conjure Flame
  2762 | D:2      | Reached skill level 1 in Poison Magic
  2889 | D:2      | Reached skill level 1 in Air Magic
  2889 | D:2      | Reached XP level 5. HP: 28/28 MP: 2/14
  3859 | D:3      | Reached XP level 6. HP: 30/32 MP: 6/16
  4576 | D:4      | Found a staircase to the Ecumenical Temple.
  4618 | Temple   | Entered the Ecumenical Temple
  4742 | Temple   | Became a worshipper of Sif Muna the Loreminder
  5061 | D:4      | Noticed Shrek's ghost (novice OgWn)
  5241 | D:4      | Killed Shrek's ghost
  5241 | D:4      | Reached XP level 7. HP: 34/36 MP: 4/17
  5450 | D:4      | Reached skill level 6 in Spellcasting
  5450 | D:4      | Reached skill level 1 in Invocations
  5990 | D:5      | Entered Level 5 of the Dungeon
  6521 | D:5      | Learned a level 2 spell: Ensorcelled Hibernation
  6525 | D:5      | Learned a level 3 spell: Dazzling Spray
  6552 | D:5      | Reached XP level 8. HP: 41/41 MP: 6/19
  6561 | D:5      | Reached * piety under Sif Muna
  7258 | D:5      | Reached skill level 1 in Ice Magic
  7607 | D:6      | Found a sand-covered staircase.
  7612 | Ossuary  | Entered an ossuary
  8502 | Ossuary  | Reached skill level 5 in Stealth
  9280 | D:6      | Reached ** piety under Sif Muna
  9303 | D:6      | Reached skill level 5 in Dodging
  9398 | D:6      | Found Mynum's General Store.
  9404 | D:6      | Bought a scroll of teleportation for 45 gold pieces
  9404 | D:6      | Bought a scroll of identify for 30 gold pieces
  9437 | D:6      | Found a stormy altar of Qazlal.
  9526 | D:6      | Reached skill level 7 in Spellcasting
 10750 | D:7      | Reached XP level 9. HP: 24/45 MP: 3/21
 10977 | D:7      | Reached skill level 5 in Hexes
 11133 | D:7      | Identified the Reference Book on Boosts and Feathers
 11615 | D:7      | Reached skill level 1 in Shields
 11625 | D:7      | Noticed Dowan
 11628 | D:7      | Noticed Duvessa
 11640 | D:7      | Killed Duvessa
 11647 | D:7      | Killed Dowan
 12211 | D:8      | Noticed a manticore
 12237 | D:8      | Killed a manticore
 12506 | D:8      | Noticed Agrougrou's ghost (novice OpTm)
 12549 | D:8      | Killed Agrougrou's ghost
 12549 | D:8      | Reached skill level 8 in Spellcasting
 12549 | D:8      | Reached skill level 5 in Conjurations
 12713 | D:8      | Reached *** piety under Sif Muna
 12877 | D:8      | Noticed a two-headed ogre
 12886 | D:8      | Killed a two-headed ogre
 12886 | D:8      | Reached XP level 10. HP: 50/50 MP: 12/24
 13066 | D:8      | Noticed a two-headed ogre
 13111 | D:8      | Killed a two-headed ogre
 13752 | D:9      | Reached skill level 5 in Invocations
 14204 | D:9      | Found a staircase to the Lair.
 14368 | D:9      | Noticed a two-headed ogre
 14372 | D:9      | Reached skill level 5 in Air Magic
 14383 | D:9      | Killed a two-headed ogre
 14910 | D:9      | Reached skill level 9 in Spellcasting
 14913 | D:9      | Reached skill level 5 in Ice Magic
 15526 | D:10     | Entered Level 10 of the Dungeon
 15539 | D:10     | Learned a level 2 spell: Shroud of Golubria
 15543 | D:10     | Learned a level 3 spell: Tukima's Dance
 15992 | D:10     | Noticed a two-headed ogre
 15999 | D:10     | Killed a two-headed ogre
 15999 | D:10     | Reached skill level 1 in Charms
 15999 | D:10     | Reached XP level 11. HP: 54/54 MP: 25/26
 16065 | D:10     | Found Liptott's Book Shoppe.
 16190 | D:10     | Noticed a two-headed ogre
 16197 | D:10     | Killed a two-headed ogre
 16197 | D:10     | Reached **** piety under Sif Muna
 18646 | D:10     | Reached ***** piety under Sif Muna
 18904 | Lair:1   | Entered Level 1 of the Lair of Beasts
 19582 | Lair:1   | Identified Sif Muna's Incunabulum of Cloudy Conjuration (Sif Muna gifted it to you on level 1 of the Lair of Beasts)
 19582 | Lair:1   | Received a gift from Sif Muna
 19643 | Lair:1   | Reached skill level 10 in Spellcasting
 19741 | Lair:1   | Learned a level 5 spell: Lightning Bolt
 19746 | Lair:1   | Learned a level 3 spell: Stone Arrow
 19748 | Lair:1   | Learned a level 1 spell: Sting
 20035 | Lair:1   | Noticed a seven-headed hydra
 20046 | Lair:1   | Killed a seven-headed hydra
 20183 | Lair:1   | Reached skill level 1 in Earth Magic
 20183 | Lair:1   | Reached XP level 12. HP: 59/59 MP: 12/28
 20419 | Lair:1   | Noticed a five-headed hydra
 20429 | Lair:1   | Killed a five-headed hydra
 20429 | Lair:1   | Reached skill level 1 in Evocations
 21001 | Lair:2   | Found a frozen archway.
 21005 | Lair:2   | HP: 1/59 [rime drake/flash freeze (19)]
 21039 | Lair:2   | Killed from afar by a rime drake

Skill      XL: |  1  2  3  4  5  6  7  8  9 10 11 12 |
---------------+-------------------------------------+-----
Spellcasting   | 5 6 7 8 9 10 | 10.2
Hexes          | 1 2 3 4 6 7 |  7.3
Dodging        | 3 4 5 6 7 8 |  8.2
Stealth        | 3 4 5 6 8 9 |  9.0
Poison Magic   | 1 2 |  2.3
Summonings     | 2 3 |  3.0
Conjurations   | 2 3 4 5 6 7 |  7.5
Air Magic      | 1 2 3 4 5 6 |  6.5
Translocations | 2 3 |  3.3
Invocations    | 2 3 4 5 6 |  6.9
Ice Magic      | 2 4 5 6 |  6.4
Shields        | 2 3 4 |  4.2
Charms         | 1 4 |  4.8
Earth Magic    | 1 |  1.7
Evocations     | 1 |  1.5

Action                   |  1- 3 |  4- 6 |  7- 9 | 10-12 || total
-------------------------+-------+-------+-------+-------++-------
Melee: Dagger            |     7 |    27 |    65 |     3 ||   102
       Short sword       |       |       |       |    84 ||    84
 Fire: Blowgun           |       |       |       |   177 ||   177
Throw: Tomahawk          |       |       |    10 |       ||    10
 Cast: Magic Dart        |    98 |   156 |   410 |   159 ||   823
       Call Imp          |     3 |    17 |    12 |    10 ||    42
       Mephitic Cloud    |       |    11 |    14 |    35 ||    60
       Blink             |       |     1 |     2 |    17 ||    20
       Dazzling Spray    |       |       |    43 |   190 ||   233
       Conjure Flame     |       |       |    15 |    18 ||    33
       Tukima's Dance    |       |       |       |     7 ||     7
       Shroud of Golubri |       |       |       |     8 ||     8
       Lightning Bolt    |       |       |       |    13 ||    13
       Ensorcelled Hiber |       |       |       |     4 ||     4
       Stone Arrow       |       |       |       |     6 ||     6
       Slow              |       |       |       |     3 ||     3
       Sting             |       |       |       |    12 ||    12
Invok: Channel Magic     |       |       |       |     1 ||     1
       Forget Spell      |       |       |       |     1 ||     1
  Use: Scroll            |       |     9 |     6 |     8 ||    23
       Potion            |       |       |       |     4 ||     4
 Stab: Confused          |       |     3 |     3 |       ||     6
       Sleeping          |       |       |     1 |       ||     1
       Invisible         |       |       |       |     3 ||     3
  Eat: Chunk             |     2 |     8 |    16 |    15 ||    41
       Ration            |       |     1 |     2 |     3 ||     6
Armor: Robe              |     7 |    15 |    40 |    17 ||    79
Dodge: Dodged            |    16 |    52 |   106 |   213 ||   387
Block: Buckler           |       |       |       |     7 ||     7
